| TOP OF THE 1ST |
|
Iowa Cubs batting - Pitching for Oklahoma City Dodgers : LHP Elijah McLeod
|
|
Pitching: LHP Elijah McLeod
|
|
|
Batting: RHB Xavier Davis
|
0-0: Ball 1-0: Ball 2-0: Ball 3-0: Called Strike 3-1: Called Strike 3-2: Ground out U3 (Groundball, 3, EV 86.9 MPH)
|
|
Batting: RHB Frank Caulfield
|
0-0: Called Strike 0-1: Swinging Strike 0-2: Foul Ball, location: 2F 0-2: Strikes out swinging
|
|
Batting: LHB Mark Ingram
|
0-0: Ball 1-0: Ball 2-0: Ground out 4-3 (Groundball, 4, EV 88.1 MPH)
|
| Top of the 1st over - 0 runs, 0 hits, 0 errors, 0 left on base; Iowa 0 - Oklahoma City 0 |
| BOTTOM OF THE 1ST |
|
Oklahoma City Dodgers batting - Pitching for Iowa Cubs : RHP Dustin Buckner
|
|
Pitching: RHP Dustin Buckner
|
|
|
Batting: RHB Jose Ramirez
|
0-0: Reached on error, E4 (Groundball, 4, EV 105.6 MPH)
|
|
Batting: RHB Jason Baldwin
|
0-0: Called Strike Jose Ramirez steals 2nd base 0-1: Ball 1-1: Called Strike 1-2: Ball 2-2: Fly out, F8 (Line Drive, 8RD, EV 85.6 MPH)
|
|
Batting: RHB Carlos Gonzalez
|
0-0: Called Strike 0-1: Ball 1-1: Swinging Strike 1-2: DOUBLE (Flyball, 8RXD, EV 91.9 MPH) Jose Ramirez scores
|
|
Batting: LHB Steve Pond
|
0-0: Ball 1-0: Ball 2-0: Called Strike 2-1: Ball 3-1: Base on Balls
|
|
Batting: RHB Tommy Hunter
|
0-0: Called Strike 0-1: Ball 1-1: Ball 2-1: Foul Ball, location: 2F 2-2: Ball 3-2: Fielders Choice at 3rd, U5 (Groundball, 5L, EV 98.1 MPH) Steve Pond to second
|
|
Batting: RHB Alex Cid
|
0-0: Ball 1-0: Fly out, F7 (Flyball, 78M, EV 82.5 MPH)
|
| Bottom of the 1st over - 1 run, 1 hit, 1 error, 2 left on base; Iowa 0 - Oklahoma City 1 |
| TOP OF THE 2ND |
|
Iowa Cubs batting - Pitching for Oklahoma City Dodgers : LHP Elijah McLeod
|
|
Batting: RHB Brad Santanello
|
0-0: Ball 1-0: Ball 2-0: Foul Ball, location: 2F 2-1: Ball 3-1: Foul Ball, location: 2F 3-2: Fly out, F8 (Flyball, 78XD, EV 91.9 MPH)
|
|
Batting: RHB Josh Asch
|
0-0: Called Strike 0-1: Swinging Strike 0-2: Ball 1-2: Ball 2-2: Ground out 5-3 (Groundball, 56, EV 81.9 MPH)
|
|
Batting: RHB Ryan Walker
|
0-0: Fly out, F9 (Flyball, 9LSF, EV 87.5 MPH)
|
| Top of the 2nd over - 0 runs, 0 hits, 0 errors, 0 left on base; Iowa 0 - Oklahoma City 1 |
| BOTTOM OF THE 2ND |
|
Oklahoma City Dodgers batting - Pitching for Iowa Cubs : RHP Dustin Buckner
|
|
Batting: LHB Tore Bosch
|
0-0: Foul Ball, location: 2F 0-1: Ball 1-1: DOUBLE (Line Drive, 78D, EV 105.0 MPH)
|
|
Batting: RHB Jonathan Kirsch
|
0-0: Called Strike 0-1: Ball 1-1: Ground out 4-3 (Groundball, 4, EV 91.2 MPH) Tore Bosch to third
|
|
Batting: RHB Rick Pittman
|
0-0: Ball 1-0: Ball 2-0: Called Strike 2-1: SINGLE (Groundball, 56D, EV 98.8 MPH) Tore Bosch scores
|
|
Batting: RHB Jose Ramirez
|
0-0: Called Strike 0-1: Ball 1-1: Ball 2-1: Foul Ball, location: 2F 2-2: Fly out, F4 (Popup, 4S, EV 87.5 MPH)
|
|
Batting: RHB Jason Baldwin
|
0-0: Ball 1-0: Called Strike 1-1: Swinging Strike 1-2: SINGLE (Groundball, 5S, EV 67.5 MPH) (infield hit) Rick Pittman to second
|
|
Batting: RHB Carlos Gonzalez
|
0-0: Fly out, F7 (Flyball, 7S, EV 90.6 MPH)
|
| Bottom of the 2nd over - 1 run, 3 hits, 0 errors, 2 left on base; Iowa 0 - Oklahoma City 2 |
| TOP OF THE 3RD |
|
Iowa Cubs batting - Pitching for Oklahoma City Dodgers : LHP Elijah McLeod
|
|
Batting: RHB Brian Gargis
|
0-0: Ground out 4-3 (Groundball, 4, EV 98.8 MPH)
|
|
Batting: RHB Tim Long
|
0-0: Called Strike 0-1: Ball 1-1: Ball 2-1: SINGLE (Groundball, 6MD, EV 105.6 MPH)
|
|
Pitching: LHP Ryan Fulford
|
|
|
Batting: RHB Adam Kelliher
|
0-0: Ball 1-0: Foul Ball, location: 2F 1-1: Called Strike 1-2: Ball 2-2: Ball 3-2: Strikes out looking
|
|
Batting: RHB Xavier Davis
|
0-0: Ball 1-0: Ball 2-0: Called Strike 2-1: Ball 3-1: Foul Ball, location: 2F 3-2: SINGLE (Groundball, 56S, EV 65.0 MPH) (infield hit) Tim Long to second
|
|
Batting: RHB Frank Caulfield
|
0-0: Ball 1-0: Called Strike 1-1: Foul Ball, location: 2F 1-2: Ball 2-2: Foul Ball, location: 2F 2-2: Ball 3-2: Ground out 6-3 (Groundball, 6, EV 80.0 MPH)
|
| Top of the 3rd over - 0 runs, 2 hits, 0 errors, 2 left on base; Iowa 0 - Oklahoma City 2 |
| BOTTOM OF THE 3RD |
|
Oklahoma City Dodgers batting - Pitching for Iowa Cubs : RHP Dustin Buckner
|
|
Batting: LHB Steve Pond
|
0-0: Ball 1-0: Called Strike 1-1: Ball 2-1: Swinging Strike 2-2: Ball 3-2: SOLO HOME RUN (Flyball, 9LD, EV 90.0 MPH), Distance : 330 ft
|
|
Batting: RHB Tommy Hunter
|
0-0: Fly out, F7 (Flyball, 7LD, EV 109.4 MPH)
|
|
Batting: RHB Alex Cid
|
0-0: Called Strike 0-1: Called Strike 0-2: Fly out, F8 (Flyball, 8LM, EV 91.2 MPH)
|
|
Batting: LHB Tore Bosch
|
0-0: Ball 1-0: Ball 2-0: Swinging Strike 2-1: Ball 3-1: Swinging Strike 3-2: Foul Ball, location: 2F 3-2: Strikes out swinging
|
| Bottom of the 3rd over - 1 run, 1 hit, 0 errors, 0 left on base; Iowa 0 - Oklahoma City 3 |
| TOP OF THE 4TH |
|
Iowa Cubs batting - Pitching for Oklahoma City Dodgers : LHP Ryan Fulford
|
|
Batting: LHB Mark Ingram
|
0-0: Called Strike 0-1: SINGLE (Groundball, 34D, EV 101.2 MPH)
|
|
Batting: RHB Brad Santanello
|
0-0: Ball 1-0: SINGLE (Line Drive, 6D, EV 106.9 MPH) Mark Ingram to second
|
|
Batting: RHB Josh Asch
|
0-0: Ball 1-0: Ball 2-0: Ball 3-0: Called Strike 3-1: Base on Balls Mark Ingram to third Brad Santanello to second
|
|
Batting: RHB Ryan Walker
|
0-0: Called Strike 0-1: Foul Ball, location: 2F 0-2: Strikes out swinging
|
|
Batting: RHB Brian Gargis
|
0-0: Swinging Strike 0-1: Foul Ball, location: 2F 0-2: Grounds into double play, 4-6-3 (Groundball, 4S, EV 83.8 MPH)
|
| Top of the 4th over - 0 runs, 2 hits, 0 errors, 2 left on base; Iowa 0 - Oklahoma City 3 |
| BOTTOM OF THE 4TH |
|
Oklahoma City Dodgers batting - Pitching for Iowa Cubs : RHP Dustin Buckner
|
|
Batting: RHB Jonathan Kirsch
|
0-0: Ball 1-0: Called Strike 1-1: Ball 2-1: Foul Ball, location: 2F 2-2: Fly out, F9 (Flyball, 9, EV 81.2 MPH)
|
|
Batting: RHB Rick Pittman
|
0-0: Called Strike 0-1: Ground out 5-3 (Groundball, 56S, EV 73.1 MPH)
|
|
Batting: RHB Jose Ramirez
|
0-0: Called Strike 0-1: Called Strike 0-2: Ball 1-2: Ball 2-2: Ground out 5-3 (Groundball, 5, EV 105.6 MPH)
|
| Bottom of the 4th over - 0 runs, 0 hits, 0 errors, 0 left on base; Iowa 0 - Oklahoma City 3 |
| TOP OF THE 5TH |
|
Iowa Cubs batting - Pitching for Oklahoma City Dodgers : LHP Ryan Fulford
|
|
Batting: RHB Tim Long
|
0-0: Ball 1-0: Ball 2-0: Fly out, F4 (Line Drive, 34D, EV 70.0 MPH)
|
|
Batting: RHB Adam Kelliher
|
0-0: Ball 1-0: SINGLE (Groundball, 5S, EV 64.4 MPH) (infield hit)
|
|
Pitching: RHP Doug Frampton
|
|
|
Batting: RHB Xavier Davis
|
0-0: Ball Adam Kelliher steals 2nd, throwing error, E2 Adam Kelliher to third 1-0: Ball 2-0: Ball 3-0: Base on Balls
|
|
Batting: RHB Frank Caulfield
|
0-0: Called Strike 0-1: Called Strike 0-2: Strikes out looking
|
|
Batting: LHB Mark Ingram
|
0-0: Called Strike 0-1: Foul Ball, location: 2F 0-2: Reached on error, E5 (Groundball, 56, EV 90.6 MPH) Adam Kelliher scores Xavier Davis to second
|
|
Batting: RHB Brad Santanello
|
0-0: SINGLE (Groundball, 6, EV 110.0 MPH) Xavier Davis to third Mark Ingram to second Runner from 3rd tries for Home, SAFE, throw by CF to home
|
|
Batting: RHB Josh Asch
|
0-0: Ball 1-0: Fielders Choice at 2nd, 6-4 (Groundball, 6, EV 96.2 MPH)
|
| Top of the 5th over - 2 runs, 2 hits, 2 errors, 2 left on base; Iowa 2 - Oklahoma City 3 |
| BOTTOM OF THE 5TH |
|
Oklahoma City Dodgers batting - Pitching for Iowa Cubs : RHP Dustin Buckner
|
|
Batting: RHB Jason Baldwin
|
0-0: Ground out 1-3 (Groundball, 13S, EV 66.9 MPH)
|
|
Batting: RHB Carlos Gonzalez
|
0-0: Foul Ball, location: 2F 0-1: Fly out, F9 (Flyball, 89M, EV 90.0 MPH)
|
|
Batting: LHB Steve Pond
|
0-0: Foul Ball, location: 2F 0-1: Ground out 4-3 (Groundball, 4, EV 102.5 MPH)
|
| Bottom of the 5th over - 0 runs, 0 hits, 0 errors, 0 left on base; Iowa 2 - Oklahoma City 3 |
| TOP OF THE 6TH |
|
Iowa Cubs batting - Pitching for Oklahoma City Dodgers : RHP Doug Frampton
|
|
Batting: RHB Ryan Walker
|
0-0: Ball 1-0: Foul Ball, location: 2F 1-1: Ball 2-1: Ball 3-1: Reached on error, E5 (Groundball, 56, EV 105.0 MPH)
|
|
Batting: RHB Brian Gargis
|
0-0: Ball 1-0: Called Strike 1-1: Fielders Choice at 2nd, U6 (Groundball, 4MS, EV 79.4 MPH)
|
|
Batting: RHB Tim Long
|
0-0: Swinging Strike 0-1: Swinging Strike 0-2: Ball 1-2: Strikes out swinging
|
|
Pitching: RHP Jose Avila
|
|
|
Batting: RHB Adam Kelliher
|
0-0: Ball 1-0: Ball 2-0: Ground out 5-3 (Groundball, 5S, EV 65.6 MPH)
|
| Top of the 6th over - 0 runs, 0 hits, 1 error, 1 left on base; Iowa 2 - Oklahoma City 3 |
| BOTTOM OF THE 6TH |
|
Oklahoma City Dodgers batting - Pitching for Iowa Cubs : RHP Dustin Buckner
|
|
Batting: RHB Tommy Hunter
|
0-0: Ball 1-0: Called Strike 1-1: Foul Ball, location: 2F 1-2: Ball 2-2: Foul Ball, location: 2F 2-2: Ball 3-2: Base on Balls
|
|
Batting: RHB Alex Cid
|
0-0: Foul Ball, location: 2F 0-1: Called Strike 0-2: Fly out, F4 (Popup, 34, EV 64.4 MPH)
|
|
Batting: LHB Tore Bosch
|
0-0: Ground out 5-3 (Groundball, 6S, EV 80.0 MPH) Tommy Hunter to second
|
|
Batting: RHB Jonathan Kirsch
|
0-0: Called Strike 0-1: Ground out 5-3 (Groundball, 56S, EV 90.0 MPH)
|
| Bottom of the 6th over - 0 runs, 0 hits, 0 errors, 1 left on base; Iowa 2 - Oklahoma City 3 |
| TOP OF THE 7TH |
|
Iowa Cubs batting - Pitching for Oklahoma City Dodgers : RHP Jose Avila
|
|
Batting: RHB Xavier Davis
|
0-0: Foul Ball, location: 2F 0-1: Ball 1-1: Swinging Strike 1-2: Foul Ball, location: 2F 1-2: Strikes out swinging
|
|
Batting: RHB Frank Caulfield
|
0-0: Called Strike 0-1: Foul Ball, location: 2F 0-2: Strikes out swinging
|
|
Batting: LHB Mark Ingram
|
0-0: Ball 1-0: Foul Ball, location: 2F 1-1: Called Strike 1-2: Foul Ball, location: 2F 1-2: Ball 2-2: Foul Ball, location: 2F 2-2: Foul Ball, location: 2F 2-2: Strikes out swinging
|
| Top of the 7th over - 0 runs, 0 hits, 0 errors, 0 left on base; Iowa 2 - Oklahoma City 3 |
| BOTTOM OF THE 7TH |
|
Oklahoma City Dodgers batting - Pitching for Iowa Cubs : RHP Dustin Buckner
|
|
Batting: RHB Rick Pittman
|
0-0: Fly out, F6 (Line Drive, 6M, EV 76.9 MPH)
|
|
Pitching: RHP Jorge Mora
|
|
|
Batting: RHB Jose Ramirez
|
0-0: Ball 1-0: Called Strike 1-1: Swinging Strike 1-2: Foul Ball, location: 2F 1-2: Strikes out swinging
|
|
Batting: RHB Jason Baldwin
|
0-0: Ground out 4-3 (Groundball, 4M, EV 87.5 MPH)
|
| Bottom of the 7th over - 0 runs, 0 hits, 0 errors, 0 left on base; Iowa 2 - Oklahoma City 3 |
| TOP OF THE 8TH |
|
Iowa Cubs batting - Pitching for Oklahoma City Dodgers : RHP Jose Avila
|
|
Pitching: RHP Miguel Martinez
|
|
|
Batting: RHB Brad Santanello
|
0-0: Called Strike 0-1: Called Strike 0-2: Ball 1-2: Strikes out swinging
|
|
Batting: RHB Josh Asch
|
0-0: SINGLE (Line Drive, 8RS, EV 110.0 MPH)
|
|
Batting: RHB Ryan Walker
|
0-0: Called Strike 0-1: Called Strike 0-2: Ball 1-2: Foul Ball, location: 2F 1-2: Strikes out swinging
|
|
Batting: RHB Brian Gargis
|
0-0: Foul Ball, location: 2F 0-1: Ball 1-1: Ball 2-1: Swinging Strike 2-2: Strikes out looking
|
| Top of the 8th over - 0 runs, 1 hit, 0 errors, 1 left on base; Iowa 2 - Oklahoma City 3 |
| BOTTOM OF THE 8TH |
|
Oklahoma City Dodgers batting - Pitching for Iowa Cubs : RHP Jorge Mora
|
|
Batting: RHB Carlos Gonzalez
|
0-0: Called Strike 0-1: Ball 1-1: Fly out, F3 (Popup, 34, EV 82.5 MPH)
|
|
Batting: LHB Steve Pond
|
0-0: Ground out 6-3 (Groundball, 6, EV 107.5 MPH)
|
|
Batting: RHB Tommy Hunter
|
0-0: Called Strike 0-1: Reached on error, E5 (Groundball, 5L, EV 100.0 MPH)
|
|
Batting: RHB Alex Cid
|
0-0: Called Strike 0-1: Ball 1-1: Called Strike 1-2: Ball 2-2: Ball 3-2: Foul Ball, location: 2F 3-2: Base on Balls
|
|
Batting: LHB Tore Bosch
|
0-0: Ball 1-0: SINGLE (Line Drive, 8LS, EV 100.0 MPH) Tommy Hunter to third Alex Cid to second Runner from 3rd tries for Home, throw by CF and OUT! 8-2
|
| Bottom of the 8th over - 0 runs, 1 hit, 1 error, 2 left on base; Iowa 2 - Oklahoma City 3 |
| TOP OF THE 9TH |
|
Iowa Cubs batting - Pitching for Oklahoma City Dodgers : RHP Miguel Martinez
|
|
Pitching: RHP Jared Wisham
|
|
|
Batting: RHB Tim Long
|
0-0: Called Strike 0-1: Fly out, F8 (Flyball, 8RXD, EV 105.6 MPH)
|
|
Batting: RHB Adam Kelliher
|
0-0: Called Strike 0-1: Ball 1-1: Foul Ball, location: 2F 1-2: Foul Ball, location: 2F 1-2: Ball 2-2: Foul Ball, location: 2F 2-2: Strikes out swinging
|
|
Batting: RHB Xavier Davis
|
0-0: Ball 1-0: Ground out 6-3 (Groundball, 6, EV 83.1 MPH)
|
| Top of the 9th over - 0 runs, 0 hits, 0 errors, 0 left on base; Iowa 2 - Oklahoma City 3 |
|